 Dungeon Crawl Stone Soup version 0.29-a0-717-g6dac4ea423 (webtiles) character file.

Game seed: 15731258557965426479

21973 kevlar127 the Grappler (level 12, -22/130 HPs)
             Began as a Troll Berserker on June 26, 2022.
             Was a Priest of Trog.
             Shot with an arrow by a centaur warrior (31 damage)
             ... on level 12 of the Dungeon.
             The game lasted 01:23:03 (16169 turns).

kevlar127 the Grappler (Troll Berserker)           Turns: 16169, Time: 01:23:04

Health: -22/130    AC:  6    Str: 32    XL:     12   Next: 58%
Magic:  11/11      EV: 10    Int:  3    God:    Trog [***...]
Gold:   888        SH:  0    Dex:  9    Spells: 11/11 levels left

rFire   . . .      SeeInvis .     - Unarmed
rCold   . . .      Faith    .   (no shield)
rNeg    . . .      Spirit   .   B - +0 troll leather armour
rPois   +          Reflect  .   (helmet restricted)
rElec   .          Harm     .   (no cloak)
rCorr   .          Rampage  .   (gloves unavailable)
Will    +....                   (boots unavailable)
Stlth   +.........              v - amulet of regeneration
HPRegen 2.71/turn               b - ring of willpower
MPRegen 0.12/turn               y - ring of poison resistance

@: studying Long Blades
A: large, unfitting armour, claws 3, regeneration 1, shaggy fur 1, tough skin 1
a: Renounce Religion, Berserk, Trog's Hand


You were on level 12 of the Dungeon.
You worshipped Trog.
Trog was most pleased with you.
You visited 3 branches of the dungeon, and saw 15 of its levels.

You collected 1848 gold pieces.
You spent 960 gold pieces at shops.

Inventory:

Missiles
 g - 144 stones
 i - 5 throwing nets
 o - 16 boomerangs (quivered)
 t - 17 poisoned darts
 H - 2 boomerangs of dispersal
 Q - 4 large rocks
 U - 2 javelins
Armour
 j - a +0 tower shield
 B - a +0 troll leather armour (worn)
Jewellery
 b - a ring of willpower (left claw)
 v - an amulet of regeneration (around neck)
 w - a ring of fire
 y - a ring of poison resistance (right claw)
 L - an amulet of faith
 P - a ring of ice
 R - a +4 ring of protection
 S - a +6 ring of intelligence
Wands
 a - a wand of mindburst (39)
 G - a wand of light (13)
 J - a wand of flame (25)
 K - a wand of paralysis (17)
 M - a wand of polymorph (3)
 N - a wand of digging (1)
Scrolls
 c - a scroll of poison {unknown}
 d - a scroll of noise {unknown}
 f - 2 scrolls of magic mapping
 h - 2 scrolls of fear {unknown}
 l - 3 scrolls of vulnerability {unknown}
 m - a scroll of torment {unknown}
 p - a scroll of summoning {unknown}
 q - 2 scrolls of enchant armour {unknown}
 s - 2 scrolls of amnesia {unknown}
 u - 3 scrolls of teleportation
 x - a scroll of immolation {unknown}
 C - 2 scrolls of silence {unknown}
 F - 5 scrolls of identify {unknown}
 I - 2 scrolls of enchant weapon {unknown}
 V - a scroll of fog {unknown}
Potions
 e - 7 potions of heal wounds {unknown}
 k - 6 potions of curing {unknown}
 n - a potion of flight {unknown}
 r - a potion of attraction {unknown}
 z - 2 potions of magic {unknown}
 A - 2 potions of mutation {unknown}
 D - a potion of brilliance {unknown}
 E - 6 potions of might
 O - a potion of lignification {unknown}
Miscellaneous
 T - a phantom mirror


   Skills:
 + Level 11.5 Fighting
 - Level 7.0 Throwing
 - Level 2.0 Armour
 - Level 3.0 Dodging
 + Level 13.6 Unarmed Combat
 - Level 4.0 Evocations


You had 11 spell levels left.
You didn't know any spells.
Your spell library was empty.

Dungeon Overview and Level Annotations

Branches:
Dungeon (12/15)            Temple (0/1) D:6             Orc (2/2) D:9
    Elf (1/3) Orc:2
   Lair: D:8-11

Altars:
Dithmenos
Hepliaklqana
Nemelex Xobeh
Trog
Wu Jian
Yredelemnul
Beogh

Shops:
Orc:2 *([=

Annotations:
D:11 1 exclusion


Innate Abilities, Weirdness & Mutations

You are too large for most types of armour.
You have claws for hands.
Your natural rate of healing is unusually fast.
You are covered in fur. (AC +1)
You have tough skin. (AC +1)


Message History

The bolt of fire hits you!!
You mangle the efreet!!
You kill the efreet!
Trog accepts your kill.
The centaur warrior wields a +0 longbow.
The centaur warrior shoots an arrow.
The arrow hits you!
The centaur warrior shoots an arrow.
The arrow hits you.
The centaur warrior shoots an arrow.
The arrow hits you!
The centaur warrior shoots an arrow.
The arrow barely misses you.
Throw: 16 boomerangs
Press: ? - help, Q - select action, (/) - cycle Shift-Dir - straight line, f - centaur warrior
Aim: a centaur warrior, wielding a +0 longbow (71% to hit)
You throw a boomerang.
The boomerang barely misses the centaur warrior.
Throw: 16 boomerangs
Press: ? - help, Q - select action, (/) - cycle Shift-Dir - straight line, f/p - centaur warrior
Aim: a centaur warrior, wielding a +0 longbow (71% to hit)
You throw a boomerang. The boomerang hits the centaur warrior!
The centaur warrior is moderately wounded.
The centaur warrior shoots an arrow.
The arrow hits you!!
Throw: 16 boomerangs
Press: ? - help, Q - select action, (/) - cycle Shift-Dir - straight line, p - centaur warrior You throw a boomerang.
The boomerang hits the centaur warrior!
The centaur warrior is heavily wounded.
The centaur warrior shoots an arrow.
The arrow barely misses you.
The centaur warrior shoots an arrow.
The arrow hits you!
The centaur warrior shoots an arrow.
The arrow hits you!
The centaur warrior shoots an arrow.
The arrow hits you!!
* * * LOW HITPOINT WARNING * * *
The centaur warrior shoots an arrow.
The arrow closely misses you.
A centaur warrior is nearby!
The centaur warrior shoots an arrow.
The arrow hits you!
* * * LOW HITPOINT WARNING * * *
The centaur warrior shoots an arrow.
The arrow barely misses you.
The centaur warrior shoots an arrow.
The arrow hits you!
* * * LOW HITPOINT WARNING * * *
The centaur warrior shoots an arrow.
The arrow hits you!
* * * LOW HITPOINT WARNING * * *
The centaur warrior shoots an arrow.
The arrow hits you!!
You die...

..# #....#.### ..#
####.#....# # #. ..#
#....#.#### #
#..####.# ##.###.# #
......)c# ##.###.###
# .......)#
#........#### #.#
#........#... #.#
#........##..
#@#..#........#...
#.#..#........#...
##.#..##.####.##.##
##..#..##...........
##...#..#######......
####....#..# #####..
...........# #..
#######....#
###########
..........# #.......#


You could see a centaur warrior.

Vanquished Creatures
  An orc warlord (Orc:2)
  A great orb of eyes (D:12)
  An ogre mage (Orc:1)
  A rakshasa (D:12)
  8 two-headed ogres
  A tengu warrior (D:12)
  Lodul (D:10)
  An orc knight (Orc:2)
  2 orc sorcerers
  Joseph (D:7)
  4 centaur zombies (D:12)
  A gargoyle (D:11)
  An unseen horror (D:11)
  Psyche (D:9)
  2 kobold demonologists
  An efreet (D:12)
  A meliai zombie (D:12)
  A water elemental (D:11)
  4 wraiths
  2 shadows
  3 vampires
  3 yaks (D:11)
  Menkaure (D:5)
  4 wargs
  21 orc warriors
  An ice beast (D:7)
  A sky beast (D:7)
  13 ogres
  A bullfrog (D:6)
  A kobold brigand (D:6)
  3 scorpions
  4 necrophages
  3 gnoll sergeants
  4 wights (D:10)
  4 killer bees (D:9)
  2 electric eels (D:11)
  A vampire bat (D:5)
  A bullfrog zombie (D:4)
  A human zombie (D:4)
  2 hounds
  A jelly (D:4)
  21 orc priests
  3 iguanas
  Natasha (thrice) (D:2)
  2 scorpion zombies (D:4)
  20 orc wizards
  2 hound zombies (D:4)
  3 mummies (D:4)
  18 gnolls
  5 adders
  A shadow imp (D:7)
  An ufetubus (D:7)
  An adder zombie (D:4)
  2 worms
  A dart slug (D:2)
  3 fire bats (D:5)
  76 orcs
  2 spectral bats (D:5)
  13 bats
  3 bat skeletons (D:5)
  A bat zombie (D:5)
  5 endoplasms
  4 giant cockroaches
  5 goblins
  7 hobgoblins
  A quokka (D:1)
  A ball python (D:1)
  A bat simulacrum (D:5)
  4 frilled lizards (D:3)
  12 kobolds
  A rat (D:1)
333 creatures vanquished.

Vanquished Creatures (others)
  An orc wizard (Orc:2)
  9 fungi (D:8)
  12 plants (D:8)
  2 withered plants (D:12)
24 creatures vanquished.

Grand Total: 357 creatures vanquished

Notes
Turn   | Place    | Note
-------+----------+-------------------------------------------
     0 | D:1      | kevlar127 the Troll Berserker began the quest for the Orb.
     0 | D:1      | Reached XP level 1. HP: 22/22 MP: 0/0
   695 | D:1      | Reached XP level 2. HP: 29/29 MP: 1/1
   907 | D:2      | Reached XP level 3. HP: 28/36 MP: 2/2
  1369 | D:2      | Found a hazy altar of Hepliaklqana.
  1422 | D:2      | Noticed Natasha
  1426 | D:2      | Killed Natasha
  1427 | D:2      | Reached skill level 4 in Unarmed Combat
  1427 | D:2      | Reached XP level 4. HP: 45/45 MP: 3/3
  1600 | D:2      | Noticed Natasha
  1611 | D:2      | Killed Natasha
  1619 | D:2      | Noticed Natasha
  1624 | D:2      | Killed Natasha
  1625 | D:2      | Reached skill level 1 in Throwing
  1625 | D:2      | Reached XP level 5. HP: 48/53 MP: 4/4
  1834 | D:2      | Found a faded altar of an unknown god.
  2056 | D:3      | Found a shadowy altar of Dithmenos.
  2218 | D:3      | Reached ** piety under Trog
  3097 | D:4      | Found an ornate altar of the Wu Jian Council.
  3517 | D:4      | Reached XP level 6. HP: 62/62 MP: 5/5
  3528 | D:4      | Reached skill level 5 in Unarmed Combat
  3540 | D:4      | Found a basalt altar of Yredelemnul.
  3619 | D:4      | Reached XP level 7. HP: 65/71 MP: 6/6
  3809 | D:5      | Entered Level 5 of the Dungeon
  4594 | D:5      | Noticed Menkaure
  4603 | D:5      | Killed Menkaure
  4604 | D:5      | Reached skill level 5 in Fighting
  4604 | D:5      | Reached skill level 6 in Unarmed Combat
  4798 | D:5      | Reached *** piety under Trog
  5359 | D:5      | Reached XP level 8. HP: 80/80 MP: 7/7
  5736 | D:6      | Reached skill level 1 in Evocations
  5737 | D:6      | Found a bloodstained altar of Trog.
  6492 | D:6      | Found a staircase to the Ecumenical Temple.
  6703 | D:7      | Reached skill level 7 in Unarmed Combat
  6883 | D:7      | Noticed Joseph
  6894 | D:7      | Killed Joseph
  7032 | D:7      | Reached XP level 9. HP: 82/89 MP: 8/8
  7324 | D:7      | Noticed a kobold demonologist
  7331 | D:7      | Noticed a red devil
  7336 | D:7      | Killed a kobold demonologist
  7337 | D:7      | Reached skill level 8 in Unarmed Combat
  8126 | D:9      | Found a staircase to the Orcish Mines.
  8136 | D:9      | Found the +18 Lear's hauberk
  8177 | D:9      | Noticed a kobold demonologist
  8190 | D:9      | Killed a kobold demonologist
  8378 | D:9      | Noticed Psyche
  8388 | D:9      | Killed Psyche
  8723 | D:9      | Noticed a two-headed ogre
  8726 | D:9      | Killed a two-headed ogre
  8727 | D:9      | Reached skill level 9 in Unarmed Combat
  8727 | D:9      | Reached XP level 10. HP: 104/104 MP: 9/9
  8907 | Orc:1    | Entered Level 1 of the Orcish Mines
  9021 | Orc:1    | Noticed a two-headed ogre
  9021 | Orc:1    | Noticed a two-headed ogre
  9022 | Orc:1    | Noticed a two-headed ogre
  9023 | Orc:1    | Noticed a two-headed ogre
  9023 | Orc:1    | Noticed a two-headed ogre
  9024 | Orc:1    | Noticed an ogre mage
  9053 | D:10     | Entered Level 10 of the Dungeon
  9216 | D:10     | Noticed Lodul
  9237 | D:10     | Killed Lodul
  9238 | D:10     | Reached skill level 1 in Armour
  9258 | D:10     | Reached **** piety under Trog
  9505 | D:10     | Found a sparkling altar of Nemelex Xobeh.
 10575 | D:11     | Reached skill level 5 in Throwing
 10575 | D:11     | Reached skill level 10 in Unarmed Combat
 10763 | D:11     | Noticed a two-headed ogre
 10770 | D:11     | Killed a two-headed ogre
 10878 | D:11     | Noticed a two-headed ogre
 10882 | D:11     | Killed a two-headed ogre
 10883 | D:11     | Reached XP level 11. HP: 113/113 MP: 10/10
 10969 | D:11     | Found a gate leading to a gauntlet.
 11588 | D:12     | Reached skill level 11 in Unarmed Combat
 11772 | D:9      | Killed a two-headed ogre
 11773 | D:9      | Killed a two-headed ogre
 11928 | D:9      | Killed a two-headed ogre
 11929 | D:9      | Reached skill level 10 in Fighting
 11931 | D:9      | Killed a two-headed ogre
 11932 | D:9      | Reached skill level 12 in Unarmed Combat
 12086 | Orc:1    | Killed a two-headed ogre
 12095 | Orc:1    | HP: 3/119 [something (13)]
 12099 | Orc:1    | Killed an ogre mage
 12580 | Orc:1    | Noticed an orc sorcerer
 12589 | Orc:1    | Paralysed by an orc sorcerer for 5 turns
 12627 | Orc:1    | Killed an orc sorcerer
 12868 | Orc:2    | Entered Level 2 of the Orcish Mines
 13324 | Orc:2    | Found a staircase to the Elven Halls.
 13367 | Orc:2    | Reached XP level 12. HP: 124/125 MP: 11/11
 13672 | Orc:2    | Reached ***** piety under Trog
 13713 | Orc:2    | Found Nulus's General Store.
 13718 | Orc:2    | Bought a potion of might for 40 gold pieces
 13718 | Orc:2    | Bought a potion of might for 40 gold pieces
 13993 | Orc:2    | Found Fosk's Jewellery Shop.
 14506 | Orc:2    | Reached skill level 13 in Unarmed Combat
 14546 | Orc:2    | Noticed an orc warlord
 14579 | Orc:2    | Killed an orc warlord
 14770 | Orc:2    | Found Xest's Antique Weapon Shop.
 14774 | Orc:2    | Found Rigudw Mupp's Antique Armour Boutique.
 15407 | Orc:2    | Bought a ring of willpower for 400 gold pieces
 15407 | Orc:2    | Bought an amulet of regeneration for 480 gold pieces
 15482 | Elf:1    | Entered Level 1 of the Elven Halls
 15834 | D:12     | Noticed a tengu warrior
 15840 | D:12     | Noticed a rakshasa
 15846 | D:12     | Noticed a great orb of eyes
 15853 | D:12     | Killed a tengu warrior
 15872 | D:12     | Killed a great orb of eyes
 15877 | D:12     | Killed a rakshasa
 16155 | D:12     | Noticed a centaur warrior
 16169 | D:12     | Shot with an arrow by a centaur warrior

Illustrated notes

Levels and vault maps discovered:
D:1:      kennysheep_arrival_seaside, layout_loops_ring
D:2:      layout_basic, basic_altar, shapermc_ecumenical_altar_petra,
          uniq_natasha
D:3:      layout_basic, nicolae_overflow_hidden_temple, amcnicky_altar_gilded,
          minmay_checkerbox
D:4:      layout_loops_ring, mainiacjoe_overflow_24_doors,
          lemuel_mausoleum_altar_yredelemnul
D:5:      layout_layer_cave, goddamned_bats, uniq_menkaure
D:6:      layout_basic, trog_hazing_becter, minmay_temple_entry_poolview,
          nicolae_concentric_dashed_squares_wild
D:7:      layout_loops_corners, chequers_avenue, uniq_joseph
D:8:      wad_arrow_thing, layout_rooms, grunt_lair_entry_orc_guard_hut
D:9:      layout_basic, orc_0_dummy, kennysheep_generic_room_9, uniq_psyche
D:10:     layout_basic, lemuel_tele_altar, uniq_lodul
D:11:     layout_stronghold, gauntlet_entry_generic, grunt_ministairs_15,
          kennysheep_generic_room_2
D:12:     minmay_containers, layout_basic, serial_undead, serial_undead_c,
          serial_undead_f, serial_undead_d, serial_undead_e, uniq_maurice,
          uniq_fannar
Orc:1:    layout_caves, serial_shops, shop, uniq_nergalle
Orc:2:    grunt_orc_community_town_hall, layout_diamond_mine,
          grunt_orc_community_big_house_2, grunt_orc_community_big_house_2,
          grunt_orc_community_house_1, grunt_orc_community_house_1,
          grunt_orc_community_house_2, grunt_orc_community_house_1,
          grunt_orc_community_house_2
Elf:1:    layout_geoelf_diagonals, evilmike_minifort, uniq_jorgrun

Skill      XL: |  1  2  3  4  5  6  7  8  9 10 11 12 |
---------------+-------------------------------------+-----
Fighting       | 3 4 5 6 7 8 10 11 | 11.5
Unarmed Combat | 4 5 6 7 9 10 12 13 | 13.6
Throwing       | 1 2 4 6 7 |  7.0
Evocations     | 3 4 |  4.0
Dodging        | 3 |  3.0
Armour         | 2 |  2.0

Action                   |  1- 3 |  4- 6 |  7- 9 | 10-12 || total
-------------------------+-------+-------+-------+-------++-------
Melee: Unarmed           |    47 |   131 |   286 |   414 ||   878
       Punch             |       |     2 |     9 |    37 ||    48
Throw: Boomerang         |       |       |    18 |   169 ||   187
       Stone             |       |       |       |     3 ||     3
       Javelin           |       |       |       |     2 ||     2
Invok: Berserk           |       |       |     4 |     5 ||     9
       Trog's Hand       |       |       |     7 |    14 ||    21
  Use: Scroll            |       |       |       |     2 ||     2
Armor: Animal skin       |    16 |    22 |     4 |       ||    42
       Troll leather arm |       |       |   141 |   145 ||   286
Dodge: Dodged            |    29 |    49 |   184 |   191 ||   453

Table legend: (Time is in decaauts)
 A = Elapsed time spent in this place.
 B = Non-inter-level travel time spent in this place.
 C = Inter-level travel time spent in this place.
 D = Time resting spent in this place.
 E = Time spent auto-exploring this place.
 F = Levels seen in this place.
 G = Mean time per level.
                   A        B        C        D        E       F      G
               +--------+--------+--------+--------+--------+-----+--------+
         Total |  16143 |  15150 |    993 |   4541 |   8238 |  15 | 1076.2 |
       Dungeon |  13056 |  12295 |    761 |   3409 |   7274 |  12 | 1088.0 |
  Orcish Mines |   3060 |   2834 |    226 |   1132 |    964 |   2 | 1530.0 |
   Elven Halls |     26 |     20 |      6 |      0 |      0 |   1 |   26.0 |
               +--------+--------+--------+--------+--------+-----+--------+

Top non-repeatable levels by time:
   Orc:2: 2579 daAuts
     D:9: 1875 daAuts
     D:5: 1864 daAuts
    D:10: 1456 daAuts
    D:11: 1194 daAuts
     D:2: 1108 daAuts
     D:3: 1048 daAuts
     D:1: 928 daAuts
     D:7: 912 daAuts
     D:6: 854 daAuts
     D:4: 745 daAuts
    D:12: 652 daAuts
   Orc:1: 481 daAuts
     D:8: 414 daAuts
   Elf:1: 26 daAuts
